 Dungeon Crawl Stone Soup version 0.22.0-21-g8bd1b0a76a (webtiles) character file.

32 Kirk the Chopper (level 3, 27/27 HPs)
             Began as a Demonspawn Gladiator on Aug 19, 2018.
             Quit the game on level 2 of the Dungeon.
             The game lasted 00:01:41 (921 turns).

Kirk the Chopper (Demonspawn Gladiator)              Turns: 921, Time: 00:01:42

Health: 27/27      AC:  4    Str: 14    XL:     3   Next: 10%
Magic:  3/3        EV: 14    Int: 10    God:
Gold:   73         SH:  0    Dex: 14    Spells: 2/2 levels left

rFire    + . .     SeeInvis .   a - +0 war axe
rCold    . . .     Gourm    .   (no shield)
rNeg     . . .     Faith    .   b - +0 leather armour
rPois    .         Spirit   .   c - +0 helmet
rElec    .         Reflect  .   (no cloak)
rCorr    .         Harm     .   (no gloves)
MR       .....                  (no boots)
Stlth    +.........             (no amulet)
HPRegen  0.09/turn              i - +2 ring of evasion
MPRegen  0.08/turn              n - ring of protection from fire

@: no status effects
A: hooves 1, spiny 1
a: no special abilities


You were on level 2 of the Dungeon.
You were not hungry.

You visited 1 branch of the dungeon, and saw 2 of its levels.

You collected 73 gold pieces.

Inventory:

Hand Weapons
 a - a +0 war axe (weapon)
Missiles
 d - 3 throwing nets (quivered)
Armour
 b - a +0 leather armour (worn)
 c - a +0 helmet (worn)
 e - a +0 scale mail
Jewellery
 i - a +2 ring of evasion (left hand)
 n - a ring of protection from fire (right hand)
Scrolls
 g - a scroll of magic mapping {unknown}
 h - a scroll of teleportation {unknown}
 k - a scroll of blinking {unknown}
 o - 2 scrolls of identify {unknown}
Potions
 j - a potion of heal wounds
 l - a potion of brilliance {unknown}
 m - a potion of might {unknown}
Comestibles
 f - 6 rations


   Skills:
 + Level 2.1 Fighting
 * Level 3.8 Axes
 - Level 1.7 Throwing
 - Level 2.6 Dodging


You had 2 spell levels left.
You didn't know any spells.
Your spell library was empty.

Dungeon Overview and Level Annotations

Branches:
Dungeon (2/15)

Altars:
Kikubaaqudgha
Nemelex Xobeh
Okawaru
Uskayaw
Xom


Innate Abilities, Weirdness & Mutations

You have large cloven feet.
You are partially covered in sharp spines.


Message History

The adder is heavily wounded.
You feel sick. The adder closely misses you.
Unknown command.
You barely miss the adder. Your kick misses the adder.
The adder is heavily wounded.
You feel sick. The adder barely misses you. The adder completely misses you.
You hit the adder.
You kill the adder!
You have reached level 3!
Your experience leads to an increase in your attributes!
Increase (S)trength, (I)ntelligence, or (D)exterity?
You feel clever.
Your demonic ancestry asserts itself...
Sharp spines emerge from parts of your body.
You feel sick.
You start resting.
You feel sick. x7
You are no longer poisoned.
You start resting.
HP restored.
Are you sure you want to abandon this character and quit the game? (Confirm with "yes".)

#####.## .# #.# .# #.#
?# ##'## .# #### ##...##
.##.... ##[.)..#
##........#.......
#######.............[...
.......@..<........[....
#######.#...............
#.# .######....... #.# #
##.....# #.# ##...##
###.##### ##+##
#.......# #.# #.#.###.#
#(# #.#.# #.# ##>###


There were no monsters in sight!

Vanquished Creatures
  An adder (D:2)
  A dart slug (D:1)
  A ball python (D:1)
  6 goblins
  3 hobgoblins (D:1)
  3 jackals (D:1)
  A kobold (D:1)
  A frilled lizard (D:1)
  2 rats
19 creatures vanquished.

Notes
Turn   | Place    | Note
-------+----------+-------------------------------------------
     0 | D:1      | Kirk the Demonspawn Gladiator began the quest for the Orb.
     0 | D:1      | Reached XP level 1. HP: 16/16 MP: 1/1
   149 | D:1      | Reached skill level 3 in Axes
   184 | D:1      | Found a shattered altar of Ashenzari.
   186 | D:1      | Found a shimmering altar of Xom.
   186 | D:1      | Found an ancient bone altar of Kikubaaqudgha.
   188 | D:1      | Found an iron altar of Okawaru.
   188 | D:1      | Found a sparkling altar of Nemelex Xobeh.
   188 | D:1      | Found a hide-covered altar of Uskayaw.
   190 | D:1      | Gained mutation: You have large cloven feet. [demonic ancestry]
   190 | D:1      | Reached XP level 2. HP: 22/22 MP: 2/2
   739 | D:2      | Gained mutation: You are partially covered in sharp spines. [demonic ancestry]
   739 | D:2      | Reached XP level 3. HP: 18/27 MP: 3/3
   921 | D:2      | Quit the game

Skill      XL: |  1 |
---------------+----+-----
Axes           | 3 |  3.8
Fighting       | |  2.1
Throwing       | |  1.7
Dodging        | |  2.6

Action                   || total
-------------------------++-------
Melee: War axe           ||    53
       Kick              ||     6
  Use: Potion            ||     1
Armor: Leather armour    ||    13
Dodge: Dodged            ||    39
